 Dungeon Crawl Stone Soup version 0.18-a0-1797-gc18daef (webtiles) character file.

6136 wvc the Martial Artist (level 10, -1/74 (75) HPs)
             Began as a Demonspawn Monk on Apr 22, 2016.
             Was a Priest of Cheibriados.
             Slain by an ogre zombie (11 damage)
             ... on level 10 of the Dungeon.
             The game lasted 00:21:43 (8139 turns).

wvc the Martial Artist (Demonspawn Monk)            Turns: 8139, Time: 00:21:43

HP:   -1/74 (75)    AC:  7    Str: 21    XL:     10   Next: 59%
MP:   10/10         EV: 18    Int: 18    God:    Cheibriados [***...]
Gold: 289           SH:  0    Dex: 27    Spells: 2 memorised, 4 levels left

rFire  + . .     SeeInvis .       - Unarmed
rCold  + . .     Gourm    .     f - +1 troll leather armour
rNeg   . . .     Faith    .     (no shield)
rPois  +         Spirit   .     (helmet restricted)
rElec  +         Dismiss  .     (no cloak)
rCorr  +         Reflect  .     (no gloves)
SustAt .         Harm     .     A - +0 pair of boots
MR     +....                    (no amulet)
Stlth  ++........               i - +3 ring of strength
                                d - ring of protection from magic

@: about to teleport, resistant, very slow, somewhat resistant to hostile
enchantments, unstealthy
A: antennae 2, molten scales 1
a: Bend Time, Temporal Distortion, Renounce Religion


You were on level 10 of the Dungeon.
You worshipped Cheibriados.
Cheibriados was most pleased with you.
You were not hungry.

You visited 2 branches of the dungeon, and saw 11 of its levels.

You collected 569 gold pieces.
You spent 280 gold pieces at shops.

Inventory:

Hand Weapons
 w - a +2 blowgun
Missiles
 s - 3 javelins (quivered)
 x - 31 poisoned needles
 J - a curare-tipped needle
Armour
 f - a +1 troll leather armour (worn)
 A - a +0 pair of boots (worn)
Jewellery
 d - a ring of protection from magic (left hand)
 i - a +3 ring of strength (right hand)
 q - an uncursed ring of protection from cold
 y - an uncursed ring of protection from cold
Wands
 n - a wand of flame (13/48)
 o - a wand of flame (22/48)
 p - a wand of teleportation (1/9)
 r - a wand of flame (25/48)
 D - a wand of acid (9/15)
 E - a wand of enslavement (14/24)
 F - a wand of flame (24/48)
 H - a wand of flame (31/48)
 I - a wand of disintegration (19/24)
 K - a wand of iceblast (11/15)
Scrolls
 e - 2 scrolls of fog
 j - 3 scrolls of teleportation
 k - 2 scrolls of remove curse
 B - 2 scrolls of immolation
Potions
 a - 2 potions of cure mutation
 l - 3 potions of flight
 m - a potion of invisibility
 t - a potion of brilliance {unknown}
 u - a potion of resistance
 v - 6 potions of curing
 C - a potion of might {unknown}
Books
 g - a book of Battle

   Spells                             Type                      Level
   a - Infusion                       Charms                       1
   b - Shroud of Golubria             Charms/Translocation         2
   c - Song of Slaying                Charms                       2
   d - Spectral Weapon                Hexes/Charms                 3
   e - Regeneration                   Charms/Necromancy            3
 z - a book of Burglary

   Spells                             Type                      Level
   a - Swiftness                      Charms/Air                   2
   b - Passwall                       Transmutation/Earth          2
   c - Passage of Golubria            Translocation                4
   d - Lee's Rapid Deconstruction     Earth                        5
   e - Darkness                       Hexes                        6
   f - Invisibility                   Hexes                        6
 G - a Grand Grimoire

   Spells                             Type                      Level
   a - Monstrous Menagerie            Summoning                    7
   b - Summon Greater Demon           Summoning                    7
   c - Malign Gateway                 Summoning/Translocation      7
   d - Summon Horrible Things         Summoning                    8
Miscellaneous
 L - a lamp of fire
Comestibles
 b - 5 bread rations


   Skills:
 + Level 5.6 Fighting
 + Level 4.0 Armour
 + Level 6.2 Dodging
 - Level 1.7 Stealth
 - Level 12.4 Unarmed Combat


You had 4 spell levels left.
You knew the following spells:

 Your Spells              Type           Power        Failure   Level  Hunger
a - Song of Slaying       Chrm           #.......     38%         2    ###....
b - Regeneration          Chrm/Necr      #.........   77%         3    ####...


Dungeon Overview and Level Annotations

Branches:
Dungeon (10/15)            Temple (1/1) D:4             Orc (0/2) D:10
   Lair: D:8-11

Altars:
Ashenzari
Cheibriados
Dithmenos
Elyvilon
Fedhas
Gozag
Kikubaaqudgha
Makhleb
Nemelex Xobeh
Okawaru
Pakellas
Qazlal
Ru
Sif Muna
Trog
Vehumet
Xom
Yredelemnul
Zin
The Shining One

Shops:
D:6 *   D:7 :


Innate Abilities, Weirdness & Mutations

You have a pair of antennae on your head.
You are partially covered in molten scales (AC +1).


Message History

The ogre zombie hits you. The troll zombie bites you.
The troll zombie completely misses you. x2
The troll zombie bites you! The troll zombie claws you. x2
* * * LOW HITPOINT WARNING * * *
The ogre zombie misses you. The troll zombie closely misses you.
The troll zombie claws you!
* * * LOW HITPOINT WARNING * * *
The troll zombie claws you.
* * * LOW HITPOINT WARNING * * *
Read which item? (? for menu, Esc to quit)
As you read the scroll of teleportation, it crumbles to dust.
You feel strangely unstable. The ogre zombie closely misses you.
Read which item? (? for menu, Esc to quit)
Okay, then.
Drink which item? (? for menu, Esc to quit)
You feel protected. The troll zombie closely misses you.
The troll zombie barely misses you. The troll zombie closely misses you.
You barely miss the troll zombie. The ogre zombie hits you!
You die...

#.# #........# #.#
#...=(...# #.#
#.....((.# #.#
#.....(..# #.#
#........#
#.#######........#
#................#
#............)Z..#
#.########...@Z..#
#.# #....ZO.# #.#
#..###ZZ# #.# #..
#Z.# #.# #.. #..#
#.# #.. #..# #.#
#. #..# #.# #..
#..# #.# #.. #..#


You could see an ogre, a hobgoblin zombie, 2 orc zombies, an ogre zombie, a
troll zombie and an orc skeleton.

Vanquished Creatures
  A hill giant (D:10)
  The ghost of braks the Destroyer, a novice TeCj of Vehumet (D:7)
  Psyche (D:8)
  A hippogriff (D:7)
  3 hungry ghosts
  2 ice beasts
  An orc warrior (D:6)
  2 sky beasts (D:8)
  2 necrophages
  2 phantoms
  2 centaurs
  6 ogres
  6 giant frogs
  A gnoll sergeant (D:8)
  A troll zombie (D:10)
  2 scorpions
  8 howler monkeys
  4 wights (D:8)
  7 crimson imps
  2 quasits
  4 giant frog zombies (D:5)
  4 centaur zombies
  3 jellies
  5 hounds
  2 giant frog skeletons
  3 orc priests
  4 centaur skeletons
  4 orc wizards
  Jessica (D:2)
  3 iguanas
  6 worker ants
  4 ogre zombies (D:10)
  2 hound zombies
  3 hound skeletons
  2 worker ant zombies (D:5)
  14 gnolls
  7 adders
  A shadow imp (D:6)
  An adder zombie (D:5)
  An ooze (D:3)
  An adder skeleton (D:3)
  2 worms
  2 dart slugs
  4 giant geckos
  29 orcs
  4 giant cockroaches
  8 goblins
  8 hobgoblins
  9 jackals
  2 quokkas (D:6)
  A ball python skeleton (D:5)
  9 bats
  A giant cockroach zombie (D:5)
  A giant gecko skeleton (D:4)
  6 giant newts
  A goblin zombie (D:10)
  2 hobgoblin skeletons (D:10)
  2 hobgoblin zombies (D:10)
  A jackal zombie (D:5)
  5 kobolds
  2 orc skeletons (D:10)
  14 orc zombies (D:10)
  A quokka skeleton (D:7)
  2 quokka zombies (D:5)
  9 rats
255 creatures vanquished.

Notes
Turn   | Place    | Note
--------------------------------------------------------------
     0 | D:1      | wvc the Demonspawn Monk began the quest for the Orb.
     0 | D:1      | Reached XP level 1. HP: 18/18 MP: 1/1
   157 | D:1      | Reached skill level 4 in Unarmed Combat
   157 | D:1      | Gained mutation: You have a pair of small antennae on your head. [demonic ancestry]
   157 | D:1      | Reached XP level 2. HP: 23/24 MP: 2/2
   629 | D:1      | Reached XP level 3. HP: 27/29 MP: 3/3
   873 | D:2      | Noticed Jessica
   887 | D:2      | Killed Jessica
   887 | D:2      | Reached skill level 5 in Unarmed Combat
  1005 | D:2      | Reached XP level 4. HP: 35/35 MP: 4/4
  1263 | D:2      | Found a sparkling altar of Nemelex Xobeh.
  1263 | D:2      | Found an iron altar of Okawaru.
  1629 | D:3      | Found a sacrificial altar of Ru.
  1726 | D:3      | Found a burning altar of Makhleb.
  1742 | D:3      | Gained mutation: You have a pair of antennae on your head. [demonic ancestry]
  1742 | D:3      | Reached XP level 5. HP: 27/41 MP: 5/5
  1791 | D:3      | Found a blossoming altar of Fedhas.
  1984 | D:3      | Reached skill level 6 in Unarmed Combat
  2264 | D:3      | Found an oddly glowing altar of Pakellas.
  2266 | D:3      | Found a radiant altar of Vehumet.
  2508 | D:4      | Noticed an ogre
  2508 | D:4      | Noticed an ogre
  2518 | D:4      | Killed an ogre
  2518 | D:4      | Gained mutation: You are partially covered in molten scales (AC +1). [demonic ancestry]
  2518 | D:4      | Reached XP level 6. HP: 47/47 MP: 6/6
  2529 | D:4      | HP: 2/47 [ogre/giant club (10)]
  2533 | D:4      | Reached skill level 7 in Unarmed Combat
  2536 | D:4      | HP: 2/47 [poisoned by a worker ant]
  2893 | D:4      | Reached XP level 7. HP: 52/52 MP: 7/7
  3065 | D:4      | Reached skill level 8 in Unarmed Combat
  3123 | D:4      | Found a staircase to the Ecumenical Temple.
  3131 | Temple   | Entered the Ecumenical Temple
  3679 | D:5      | Entered Level 5 of the Dungeon
  3848 | D:5      | Reached skill level 9 in Unarmed Combat
  3874 | D:5      | Found a shattered altar of Ashenzari.
  3952 | D:5      | Reached XP level 8. HP: 58/58 MP: 8/8
  4308 | D:5      | Reached skill level 10 in Unarmed Combat
  4407 | D:5      | Got an ancient chain mail
  4408 | D:5      | Identified the cursed +0 chain mail of Niudaucse {Int+2} (You found it on level 5 of the Dungeon)
  4768 | D:6      | Learned a level 2 spell: Song of Slaying
  5111 | D:6      | Found Inwooseh's Assorted Antiques.
  5249 | D:6      | Found a shadowy altar of Dithmenos.
  5409 | D:6      | Reached skill level 11 in Unarmed Combat
  5457 | D:6      | Bought a scroll of identify for 56 gold pieces
  5457 | D:6      | Bought a pair of boots for 126 gold pieces
  5457 | D:6      | Bought a scroll of immolation for 98 gold pieces
  5693 | D:7      | Noticed braks's ghost (novice TeCj)
  5792 | D:7      | Killed braks's ghost
  5792 | D:7      | Reached XP level 9. HP: 44/62 MP: 9/9
  5876 | D:7      | Reached skill level 12 in Unarmed Combat
  5989 | D:7      | Found a glowing golden altar of the Shining One.
  6086 | D:7      | crauler: третий монах уже
  6097 | D:7      | crauler: я монах, гоблин заходил монахом играл
  6224 | D:7      | Found a basalt altar of Yredelemnul.
  6291 | D:7      | Found Woceink's Book Emporium.
  6498 | D:8      | Reached skill level 1 in Armour
  6640 | D:8      | Noticed Psyche
  6656 | D:8      | Killed Psyche
  6742 | D:8      | Reached XP level 10. HP: 28/72 MP: 10/10
  6743 | D:8      | crauler: pizdos
  6765 | D:8      | crauler: rupert s vamp triploy
  6845 | D:8      | crauler: под статуей чуть не убил
  6943 | D:8      | Got an ancient leather armour
  6954 | D:8      | Identified the cursed +1 leather armour "Lixuiv" {*Confuse rElec rN+ Dex+2} (You found it on level 8 of the Dungeon)
  7006 | D:8      | Found an opulent altar of Gozag.
  7349 | D:8      | Found a snail-covered altar of Cheibriados.
  7370 | D:8      | Became a worshipper of Cheibriados the Contemplative
  7370 | D:8      | Reached * piety under Cheibriados
  7370 | D:8      | Reached ** piety under Cheibriados
  7437 | D:9      | Reached skill level 5 in Fighting
  7640 | D:9      | Reached skill level 5 in Dodging
  7798 | D:10     | Entered Level 10 of the Dungeon
  7798 | D:10     | Noticed a hill giant
  7812 | D:10     | Killed a hill giant
  7852 | D:10     | Learned a level 3 spell: Regeneration
  7872 | D:10     | Found a staircase to the Orcish Mines.
  8036 | D:10     | Reached *** piety under Cheibriados
  8139 | D:10     | Slain by an ogre zombie

Vault maps used:
D:1:      dpeg_arrival_shelter
D:2:      lemuel_upstairs_altar, gammafunk_temple_overflow_wave, first_bread,
          uniq_jessica
D:3:      nicolae_ru_awakened_eye, nicolae_overflow_hidden_temple,
          grunt_temple_overflow_open
D:4:      minmay_temple_entry_enclosed_plants, kennysheep_small_circle
D:5:      serial_undead, serial_undead_d, serial_undead_b, serial_undead_a,
          serial_undead_e, serial_undead_c, serial_undead_f, serial_undead_d,
          serial_undead_d, nicolae_ashenzari_panopticon
D:6:      grunt_dithmenos_shadows, serial_shops, shop_fountains,
          lightli_corner_chamber
D:7:      kennysheep_mini, serial_shops, nicolae_shop_behind_doors, basic_altar
D:8:      nicolae_gozag_cash_rules_everything_around_me,
          cheibrodos_worm_habitat, uniq_psyche
D:10:     erik_lair_island, zombieorc2_lemuel
Temple:   jpeg_temple_clearing_9

Skill      XL: |  1  2  3  4  5  6  7  8  9 10 |
---------------+-------------------------------+-----
Unarmed Combat | 4 5 6 7 9 11 12 | 12.4
Armour         | 2 4 |  4.0
Dodging        | 3 6 |  6.2
Fighting       | 4 5 |  5.6
Stealth        | |  1.7

Action                   |  1- 3 |  4- 6 |  7- 9 | 10-12 || total
-------------------------+-------+-------+-------+-------++-------
Melee: Unarmed           |    96 |   160 |   519 |   220 ||   995
       Punch             |     2 |     5 |    28 |    19 ||    54
 Fire: Blowgun           |       |     3 |    12 |     6 ||    21
Throw: Tomahawk          |     5 |       |       |       ||     5
       Javelin           |       |       |       |     1 ||     1
  Use: Scroll            |       |    14 |     9 |     7 ||    30
       Potion            |       |     1 |     1 |     1 ||     3
 Stab: Sleeping          |     3 |     3 |     6 |     3 ||    15
       Distracted        |       |     1 |     1 |       ||     2
       Fleeing           |       |       |     1 |       ||     1
  Eat: Fruit             |       |     4 |       |       ||     4
       Chunk             |       |     3 |     9 |     3 ||    15
       Royal jelly       |       |       |     1 |       ||     1
       Beef jerky        |       |       |     1 |       ||     1
       Meat ration       |       |       |       |     2 ||     2
       Bread ration      |       |       |       |     1 ||     1
Armor: Robe              |    10 |       |       |       ||    10
       Troll hide        |     6 |     9 |       |       ||    15
       Troll leather arm |       |     5 |   122 |    57 ||   184
Dodge: Dodged            |    68 |    84 |   295 |   166 ||   613
